 Dungeon Crawl Stone Soup version 0.30.0-15-g856e2d3f33 (webtiles) character file.

Game seed: 2973048513400997693

71 rundlesten the Chopper (level 4, 0/39 HPs)
             Began as a Minotaur Berserker on May 19, 2023.
             Was a Believer of Trog.
             Slain by an adder (3 damage)
             ... on level 2 of the Dungeon.
             The game lasted 00:06:57 (1317 turns).

rundlesten the Chopper (Minotaur Berserker)         Turns: 1317, Time: 00:06:58

Health: 0/39       AC:  2    Str: 21    XL:     4   Next: 5%
Magic:  3/3        EV: 12    Int:  4    God:    Trog [**....]
Gold:   98         SH:  0    Dex: 12    Spells: 3/3 levels left

rFire   . . .        a - +0 hand axe
rCold   . . .        (no shield)
rNeg    . . .        b - +0 animal skin
rPois   .            (helmet restricted)
rElec   .            (no cloak)
rCorr   .            (no gloves)
SInv    .            (no boots)
Will    .....        (no amulet)
Stlth   +            (no ring)
HPRegen 0.26/turn    (no ring)
MPRegen 0.08/turn

%: no passive effects
@: lethally poisoned (0 -> -2)
A: horns 2, retaliatory headbutt
a: Renounce Religion, Berserk, Trog's Hand


You were on level 2 of the Dungeon.
You worshipped Trog.
Trog was pleased with you.
You visited 1 branch of the dungeon, and saw 2 of its levels.

You collected 98 gold pieces.

Inventory:

Hand Weapons
 a - a +0 hand axe (weapon)
Armour
 b - a +0 animal skin (worn)
Wands
 g - a wand of charming (9)
Scrolls
 c - a scroll of blinking
 e - a scroll of teleportation
 h - a scroll of immolation {unknown}
Potions
 d - a potion of haste {unknown}
 f - a potion of cancellation {unknown}
 i - a potion of curing {unknown}


   Skills:
 - Level 3.6 Fighting
 + Level 6.0 Axes
 - Level 2.4 Armour
 - Level 2.1 Dodging


You had 3 spell levels left.
You didn't know any spells.
Your spell library was empty.

Dungeon Overview and Level Annotations

Branches:
Dungeon (2/15)

Altars:
Trog


Innate Abilities, Weirdness & Mutations

You have a pair of horns on your head.
You reflexively headbutt those who attack you in melee.


Message History

You kill the goblin!
Trog accepts your kill.
You completely miss the goblin. The goblin hits you with a +0 club.
You hit the goblin but do no damage. The goblin misses you.
You furiously retaliate!
You headbutt the goblin!
You kill the goblin!
Trog accepts your kill.
Okay, then.
You recover from your berserk rage.
An adder comes into view.
The adder hisses angrily.
The adder misses you. The adder bites you. The adder completely misses you.
The adder closely misses you. You furiously retaliate!
You headbutt the adder! The adder completely misses you.
The adder barely misses you. The adder bites you.
You are poisoned.
The adder poisons you!
You feel sick. The adder bites you but does no damage.
You feel sick. The adder misses you. The adder closely misses you.
You feel sick. The adder bites you.
You feel sick. The adder bites you but does no damage.
You closely miss the adder.
The adder is severely wounded.
You feel sick.
You are no longer poisoned.
The adder misses you. The adder bites you.
* * * LOW HITPOINT WARNING * * *
You are poisoned.
The adder poisons you!
You miss the adder. Your headbutt misses the adder.
The adder is severely wounded.
You feel sick. The adder bites you.
* * * LOW HITPOINT WARNING * * *
You closely miss the adder. Your headbutt misses the adder.
The adder is heavily wounded.
* * * LOW HITPOINT WARNING * * *
You feel sick. The adder bites you.
You die...

...####### #.#. #
##### #.#. #.
############.#.
.###
#.............. ..#
#.##########.## #.#
#.# ### g #.#####
#.#
....###.....#####.#
.........†...S@.).#
............#######
#######.....#
#<....# #######


You could see an adder.

Vanquished Creatures
  Robin (D:2)
  A dart slug (D:2)
  6 endoplasms
  2 giant cockroaches (D:1)
  7 goblins (D:2)
  11 hobgoblins
  6 jackals (D:1)
  A kobold (D:1)
  A quokka (D:1)
  5 bats
  4 frilled lizards
  5 rats (D:1)
50 creatures vanquished.

Notes
Turn   | Place    | Note
-------+----------+-------------------------------------------
     0 | D:1      | rundlesten the Minotaur Berserker began the quest for the
                  | Orb.
     0 | D:1      | Reached XP level 1. HP: 19/19 MP: 0/0
   147 | D:1      | Reached skill level 4 in Axes
   169 | D:1      | Reached XP level 2. HP: 24/26 MP: 1/1
   390 | D:1      | Reached skill level 5 in Axes
   404 | D:1      | Reached ** piety under Trog
   410 | D:1      | Reached XP level 3. HP: 27/31 MP: 2/2
  1055 | D:2      | Found a bloodstained altar of Trog.
  1229 | D:2      | Noticed Robin
  1246 | D:2      | Killed Robin
  1265 | D:2      | Reached XP level 4. HP: 15/39 MP: 3/3
  1267 | D:2      | Reached skill level 6 in Axes
  1317 | D:2      | Slain by an adder

Illustrated notes

Levels and vault maps discovered:
D:1:      lightli_arrival_chessboard, layout_basic
D:2:      layout_loops_ring, basic_altar, serial_bayou_crossing, uniq_robin,
          uniq_terence

Skill      XL: |  1  2  3  4 |
---------------+-------------+-----
Axes           | 4 5 6 |  6.0
Fighting       | |  3.6
Armour         | |  2.4
Dodging        | |  2.1

Action                     |  1- 3 |  4- 6 || total
---------------------------+-------+-------++-------
  Melee: Hand axe          |    69 |     9 ||    78
         Headbutt          |    10 |     1 ||    11
 Invoke: Berserk           |     2 |       ||     2
         Trog's Hand       |     1 |       ||     1
    Use: Scroll            |     2 |       ||     2
 Armour: Animal skin       |     4 |     3 ||     7
  Dodge: Dodged            |    44 |    10 ||    54
